 Dungeon Crawl Stone Soup version 0.24-a0-272-g1411513 (webtiles) character file.

Game seed: 2075947309104386157

840 erloom the Thaumaturge (level 7, -5/36 HPs)
             Began as a Deep Elf Conjurer on Apr 25, 2019.
             Killed by divine providence
             ... invoked by an orc priest
              (15 damage)
             ... on level 5 of the Dungeon.
             The game lasted 00:19:01 (4934 turns).

erloom the Thaumaturge (Deep Elf Conjurer)          Turns: 4934, Time: 00:19:01

Health: -5/36      AC:  5    Str:  5    XL:     7   Next: 67%
Magic:  5/21       EV: 13    Int: 22    God:
Gold:   291        SH:  0    Dex: 15    Spells: 16/23 levels left

rFire    . . .     SeeInvis .   u - +0 short sword
rCold    . . .     Gourm    .   (no shield)
rNeg     . . .     Faith    .   a - +0 robe
rPois    .         Spirit   .   (no helmet)
rElec    .         Reflect  .   f - +0 cloak
rCorr    .         Harm     .   d - +1 pair of gloves
MR       .....                  (no boots)
Stlth    ++........             (no amulet)
HPRegen  0.12/turn              (no ring)
MPRegen  0.17/turn              (no ring)

@: hasted, very quick
A: no striking features
a: no special abilities


You were on level 5 of the Dungeon.
You were very hungry.

You visited 1 branch of the dungeon, and saw 5 of its levels.

You collected 291 gold pieces.

Inventory:

Hand Weapons
 g - a +0 dagger
 u - a +0 short sword (weapon)
Missiles
 j - 3 tomahawks (quivered)
Armour
 a - a +0 robe (worn)
 d - a +1 pair of gloves (worn)
 e - a +0 leather armour
 f - a +0 cloak (worn)
Scrolls
 h - a scroll of remove curse
 i - a scroll of teleportation
 k - a scroll of magic mapping
 n - 2 scrolls of identify
 w - a scroll of random uselessness {unknown}
Potions
 b - 3 potions of haste
 l - a potion of brilliance
 m - a potion of lignification {unknown}
 o - a potion of mutation {unknown}
 q - 2 potions of curing {unknown}
 s - 3 potions of heal wounds {unknown}
 v - a potion of degeneration {unknown}
Comestibles
 c - 7 rations


   Skills:
 - Level 2.4 Dodging
 - Level 2.4 Stealth
 + Level 8.6 Spellcasting
 + Level 8.1 Conjurations


You had 16 spell levels left.
You knew the following spells:

 Your Spells              Type           Power        Failure   Level  Hunger
a - Magic Dart            Conj           ####         1%          1    None
b - Searing Ray           Conj           #####.       1%          2    None
c - Iskenderun's Mystic   Conj           #####...     2%          4    ###....

Your spell library contained the following spells:

 Spells                   Type           Power        Failure   Level  Hunger
 Dazzling Spray           Conj/Hex       ####..       4%          3    None
 Corona                   Hex            #......      7%          1    None
 Ensorcelled Hibernation  Hex/Ice        #.....       11%         2    None
 Force Lance              Conj/Tloc      ####....     13%         4    ###....
 Fulminant Prism          Conj/Hex       ####......   13%         4    ###....
 Confuse                  Hex            #.......     22%         3    None
 Tukima's Dance           Hex            #.......     22%         3    None


Dungeon Overview and Level Annotations

Branches:
Dungeon (5/15)
 Temple: D:4-7

Altars:
Kikubaaqudgha
Okawaru
Qazlal
Yredelemnul


Message History

Okay, then.
Okay, then.
It was a potion of haste.
You feel yourself speed up.
The ice beast hits you but does no damage.
The ice beast misses you.
Found a scroll of teleportation.
Found a blackened brass wand.
You see here a scroll of fog.
You see here a scroll of teleportation.
i - a scroll of teleportation
Found a scroll of teleportation.
Found a stone staircase leading up.
An orc comes into view.
It is wielding a +1 short sword of venom.
You are feeling very hungry.
An orc wizard comes into view. It is wielding a +0 dagger.
Found a ring mail.
The orc shouts!
You hear a shout!
The orc priest invokes the aid of Beogh against you.
Beogh smites you!
You die...

,,,***,,,,,,....#.....#........#
,,,* **,*,*##[..#.........#....#
,,,* *,,,,,..........#...#....##
,,,*****,.####............#....#.
#**,,.,,,...........#.##.......#.
# *,..,**.#.....?...#..#.......#.
###...***..............Y......?..
.....,**,.....#.....##.###.##.##.
.....,,,,......<@....#.....##.##.
###..................##..#.##/##.
# *...........o......###.#..#.###
# *..........o..o.....##.#..#.#*#
# *,.........#....Z.#..#.........
####*#.......<...................
...###.......#........##.,,,,....
....##.......#.........,,,,,,....
.....#.............(*****,,,,,,,,


You could see an ice beast, an orc priest, an orc wizard, an orc and a jackal
skeleton.

Vanquished Creatures
  An ice beast (D:5)
  2 ogres (D:5)
  A phantom (D:5)
  Blork the orc (D:4)
  A howler monkey (D:5)
  A bullfrog skeleton (D:4)
  An iguana (D:4)
  3 orc wizards (D:4)
  Natasha (D:3)
  6 worker ants
  An adder (D:2)
  An adder skeleton (D:2)
  A worm (D:2)
  3 dart slugs (D:1)
  4 leopard geckos
  9 orcs
  4 giant cockroaches
  11 goblins
  3 hobgoblins
  4 jackals
  2 quokkas (D:3)
  9 bats
  7 frilled lizards
  6 kobolds
  6 rats
89 creatures vanquished.

Notes
Turn   | Place    | Note
-------+----------+-------------------------------------------
     0 | D:1      | erloom the Deep Elf Conjurer began the quest for the Orb.
     0 | D:1      | Reached XP level 1. HP: 10/10 MP: 6/6
   230 | D:1      | Reached XP level 2. HP: 15/15 MP: 4/8
   804 | D:1      | Reached skill level 5 in Conjurations
   804 | D:1      | Reached XP level 3. HP: 19/19 MP: 2/10
  1130 | D:2      | Learned a level 2 spell: Searing Ray
  1542 | D:2      | You fall through a shaft!
  1797 | D:3      | Reached XP level 4. HP: 24/24 MP: 9/12
  1937 | D:3      | Noticed Natasha
  2137 | D:2      | Found a stormy altar of Qazlal.
  2203 | D:2      | Found an iron altar of Okawaru.
  2344 | D:2      | Found a basalt altar of Yredelemnul.
  2879 | D:4      | Noticed Blork the orc
  2907 | D:4      | Reached skill level 5 in Spellcasting
  3086 | D:4      | Reached XP level 5. HP: 28/28 MP: 7/14
  3138 | D:4      | Learned a level 4 spell: Iskenderun's Mystic Blast
  3438 | D:4      | Found an ancient bone altar of Kikubaaqudgha.
  3739 | D:4      | Reached XP level 6. HP: 28/32 MP: 3/17
  3987 | D:4      | Killed Blork the orc
  4389 | D:3      | Killed Natasha
  4471 | D:5      | Entered Level 5 of the Dungeon
  4578 | D:5      | Noticed an ice beast
  4587 | D:5      | Killed an ice beast
  4587 | D:5      | Reached XP level 7. HP: 36/36 MP: 7/20
  4934 | D:5      | Killed from afar by an orc priest

Levels and vault maps discovered:
D:1:      dpeg_arrival_castle, layout_loops_ring, minmay_cut_off
D:2:      layout_basic, nicolae_overflow_hidden_temple,
          nicolae_overflow_crystal_walls, grunt_qazlal_sundering, first_ration
D:3:      layout_basic, uniq_natasha
D:4:      layout_rooms, lemuel_crystal_altar, minmay_strange_pillars,
          uniq_blork_the_orc
D:5:      layout_rooms

Skill      XL: |  1  2  3  4  5  6  7 |
---------------+----------------------+-----
Spellcasting   | 4 5 6 7 8 |  8.6
Conjurations   | 5 6 7 8 |  8.1
Dodging        | |  2.4
Stealth        | |  2.4

Action                   |  1- 3 |  4- 6 |  7- 9 || total
-------------------------+-------+-------+-------++-------
Melee: Dagger            |     5 |     5 |       ||    10
 Cast: Magic Dart        |    77 |    68 |    22 ||   167
       Searing Ray       |    10 |    27 |    10 ||    47
       Iskenderun's Myst |       |     7 |     4 ||    11
  Use: Scroll            |       |       |     6 ||     6
       Potion            |       |       |     1 ||     1
  Eat: Chunk             |     3 |     9 |       ||    12
Armor: Robe              |    13 |     4 |     8 ||    25
Dodge: Dodged            |    18 |    11 |    12 ||    41

Table legend:
 A = Non-vault XP
 B = Vault XP
 C = Vault XP percentage of total XP
 D = Non-vault monster count
 E = Vault monster count
 F = Vault count percentage of total count
                 A         B        C        D         E       F
            +---------+---------+-------+---------+---------+-------
      Total |    1071 |     130 |  10.8 |      85 |       4 |   4.5
            +---------+---------+-------+---------+---------+-------
        D:1 |      47 |       4 |   7.8 |      26 |       2 |   7.1
        D:2 |      36 |       0 |   0.0 |      13 |       0 |   0.0
        D:3 |      37 |      35 |  48.6 |      19 |       1 |   5.0
        D:4 |     314 |      91 |  22.5 |      17 |       1 |   5.6
        D:5 |     637 |       0 |   0.0 |      10 |       0 |   0.0
            +---------+---------+-------+---------+---------+-------
